 Dungeon Crawl Stone Soup version 0.29.1-12-g30fa7ad0bf (webtiles) character file.

Game seed: 17960383545455638879

1724 MisterFreud the Cruncher (level 9, -8/68 HPs)
             Began as a Formicid Gladiator on Jan 15, 2023.
             Mangled by a two-headed ogre
             ... wielding a +0 giant club
              (25 damage)
             ... on level 6 of the Dungeon.
             The game lasted 00:05:39 (5037 turns).

MisterFreud the Cruncher (Formicid Gladiator)       Turns: 5037, Time: 00:05:40

Health: -8/68      AC:  8    Str: 21    XL:     9   Next: 25%
Magic:  0/9        EV: 13    Int: 13    God:
Gold:   397        SH:  0    Dex: 24    Spells: 8/8 levels left

rFire   . . .      SeeInvis +   g - +9 lajatang of Guile {vorpal, rElec Int+5}
rCold   . . .      Faith    .   (no shield)
rNeg    . . .      Spirit   +   p - +3 ring mail of Olegeum {Contam Regen+ Dex+7}
rPois   .          Reflect  .   (helmet unavailable)
rElec   +          Harm     .   (no cloak)
rCorr   +          Rampage  .   (no gloves)
Will    +....                   (no boots)
Stlth   +.........              r - amulet of guardian spirit
HPRegen 1.01/turn               m - ring of resist corrosion
MPRegen 0.11/turn               C - ring of willpower

@: no status effects
A: permanent stasis, dig shafts and tunnels, antennae 3, four strong arms
a: Dig, Shaft Self


You were on level 6 of the Dungeon.
You visited 1 branch of the dungeon, and saw 7 of its levels.
You also visited: Sewer.

You collected 397 gold pieces.

Inventory:

Hand Weapons
 a - a +1 quarterstaff
 g - the +9 lajatang of Guile (weapon) {vorpal, rElec Int+5}
   (You acquired it on level 1 of the Dungeon)

   It inflicts extra damage upon your enemies.
   Int:       It affects your intelligence (+5).
   rElec:     It insulates you from electricity.
Missiles
 c - 5 throwing nets (quivered)
 d - a javelin
 h - 2 poisoned darts
 A - 3 boomerangs
Armour
 b - a +0 leather armour
 p - the +3 ring mail of Olegeum (worn) {Contam Regen+ Dex+7}
   (You found it on level 2 of the Dungeon)

   Dex:       It affects your dexterity (+7).
   Contam:    It causes magical contamination when unequipped.
   Regen:     It increases your rate of health regeneration.
Jewellery
 m - a ring of resist corrosion (left hand)
 r - an amulet of guardian spirit (around neck)
 t - a ring of wizardry
 C - a ring of willpower (right hand)
Scrolls
 i - a scroll of enchant weapon
 k - a scroll of vulnerability
 l - 4 scrolls of identify
 s - 3 scrolls of fog
 x - a scroll of poison
 z - a scroll of fear
Potions
 e - 2 potions of attraction
 f - 2 potions of mutation
 j - a potion of heal wounds
 n - 4 potions of magic
 o - 3 potions of flight
 q - 2 potions of cancellation
 u - a potion of lignification
 v - a potion of brilliance
 w - a potion of might
 B - 3 potions of curing


   Skills:
 + Level 5.0 Fighting
 - Level 10.0 Staves
 - Level 2.3 Throwing
 + Level 4.1 Armour
 - Level 2.9 Dodging


You had 8 spell levels left.
You didn't know any spells.
Your spell library contained the following spells:

 Spells                   Type           Power      Damage    Failure   Level
 Sandblast                Erth           0%         2d4       45%         1
 Passwall                 Tmut/Erth      0%         N/A       58%         2
 Lesser Beckoning         Tloc           0%         N/A       83%         3
 Stone Arrow              Conj/Erth      0%         3d7       83%         3
 Olgreb's Toxic Radiance  Pois           0%         N/A       99%         4
 Manifold Assault         Tloc           0%         N/A       100%        5
 Ozocubu's Refrigeration  Ice            0%         4d7       100%        7
 Ignition                 Fire           0%         3d3       100%        8
 Blink                    Tloc           Unusable   N/A       N/A         2

Dungeon Overview and Level Annotations

Branches:
Dungeon (7/15)              Sewer (visited)
 Temple: D:4-7

Altars:
Ashenzari
Gozag
Hepliaklqana
Kikubaaqudgha
Ru
Uskayaw
Vehumet
Wu Jian
Xom

Shops:
D:6 *=*


Innate Abilities, Weirdness & Mutations

You cannot be hasted, slowed, berserked, paralysed or teleported.
You can dig through walls and to a lower floor.
You have a pair of large antennae on your head. (SInv)
Your four strong arms can wield two-handed weapons with a shield.


Message History

The ice beast hits you but does no damage.
You slash the ice beast!
You kill the ice beast!
Your Fighting skill increases to level 5!
Your Armour skill increases to level 4!
Things that are here:
a +0 short sword of venom; a curare-tipped dart; a kobold corpse No reachable target in view!
You see here a scroll of identify.
l - 4 scrolls of identify (gained 1) No target in view!
No target in view!
No target in view!
The iguana barely misses you.
You barely miss the iguana. The iguana closely misses you.
You slash the iguana!
The iguana is severely wounded.
The iguana bites you!
You slice the iguana!!
You kill the iguana!
No target in view!
A two-headed ogre comes into view. It is wielding two +0 giant clubs.
A black bear comes into view.
The black bear bites you. The black bear misses you.
The black bear closely misses you.
The two-headed ogre hits you with a +0 giant club!!
The two-headed ogre hits you but does no damage.
You hit the black bear but do no damage.
The black bear completely misses you. The black bear misses you.
The black bear closely misses you.
You slice the two-headed ogre!!
The two-headed ogre is moderately wounded.
The two-headed ogre hits you with a +0 giant club!!
* * * LOW HITPOINT WARNING * * *
The two-headed ogre barely misses you. The black bear bites you.
* * * LOW HITPOINT WARNING * * *
The black bear barely misses you. The black bear closely misses you.
The two-headed ogre attacks as you move away!
The two-headed ogre hits you with a +0 giant club!!
You die...

.......#
.#####..#####..
.......#
.....#..#....O.
.......#
{.....#..#{.....
.......#
#####..#..#{{####
.......#
#......#..#{....
...#####
#......#..#......
...#
#..#####..#####..
####
#..O...#..#......
#..h@..#..#......
#####..#..#..####
#......#..#.....
#......#..#......
#..#####..#####..
#........).......
#................
#################


You could see a two-headed ogre and a black bear.

Vanquished Creatures
  Eustachio (D:4)
  A steam dragon (D:6)
  2 ice beasts (D:6)
  3 ogres (D:5)
  A phantom (D:4)
  A kobold brigand (D:6)
  2 scorpions
  A howler monkey (D:4)
  A hound (D:5)
  3 jellies
  An orc priest (D:4)
  A gnoll bouda (D:6)
  4 iguanas
  4 orc wizards
  A hell rat (Sewer)
  11 gnolls
  7 adders
  2 river rats (Sewer)
  A shadow imp (D:5)
  A white imp (D:5)
  2 ufetubi
  2 worms (D:4)
  4 dart slugs
  14 orcs
  3 bats
  3 endoplasms
  5 goblins
  6 hobgoblins
  2 quokkas
  9 ball pythons
  7 frilled lizards
  11 kobolds
  16 rats
133 creatures vanquished.

Vanquished Creatures (others)
  An ufetubus (D:6)
1 creature vanquished.

Grand Total: 134 creatures vanquished

Notes
Turn   | Place    | Note
-------+----------+-------------------------------------------
     0 | D:1      | MisterFreud the Formicid Gladiator began the quest for the
                  | Orb.
     0 | D:1      | Reached XP level 1. HP: 16/16 MP: 1/1
   143 | D:1      | Reached XP level 2. HP: 23/23 MP: 2/2
   814 | D:1      | Found a faded altar of an unknown god.
  1066 | D:1      | Identified a scroll of acquirement
  1066 | D:1      | Acquired the +9 lajatang of Guile {vorpal, rElec Int+5}
  1099 | D:2      | Reached XP level 3. HP: 26/28 MP: 3/3
  1738 | D:2      | Identified the +3 ring mail of Olegeum {Contam Regen+
                  | Dex+7}
  1802 | D:3      | Reached skill level 4 in Staves
  1805 | D:3      | Reached XP level 4. HP: 34/34 MP: 4/4
  1865 | D:3      | Found a radiant altar of Vehumet.
  2206 | D:3      | You fall into a shaft and drop 3 floors!
  2210 | D:6      | Found a hazy altar of Hepliaklqana.
  2234 | D:6      | Reached XP level 5. HP: 39/39 MP: 5/5
  2239 | D:6      | Reached skill level 5 in Staves
  2279 | D:6      | Reached XP level 6. HP: 33/46 MP: 3/6
  2286 | D:6      | You fall into a shaft and drop 1 floor!
  2332 | D:6      | Found Koamidgh's Jewellery Shoppe.
  2344 | D:5      | Entered Level 5 of the Dungeon
  2358 | D:5      | Found a broken altar of Ashenzari.
  2358 | D:5      | Found an ancient bone altar of Kikubaaqudgha.
  2367 | D:5      | Noticed an ogre
  2371 | D:5      | Killed an ogre
  2372 | D:5      | Reached skill level 6 in Staves
  2468 | D:5      | Noticed an ogre
  2473 | D:5      | Killed an ogre
  2474 | D:5      | Reached skill level 7 in Staves
  2474 | D:5      | Reached XP level 7. HP: 49/51 MP: 4/7
  2670 | D:4      | Found a glowing drain.
  2690 | Sewer    | Entered a sewer
  2856 | D:4      | Reached skill level 8 in Staves
  2931 | D:4      | Found a hide-covered altar of Uskayaw.
  2960 | D:4      | Reached XP level 8. HP: 55/57 MP: 6/8
  2979 | D:4      | Found an ornate altar of the Wu Jian Council.
  3549 | D:4      | Reached skill level 9 in Staves
  3635 | D:4      | Found an opulent altar of Gozag.
  3650 | D:4      | Noticed Eustachio
  3660 | D:4      | Killed Eustachio
  4712 | D:6      | Reached skill level 10 in Staves
  4717 | D:6      | Found Hetzoreu's Fire Supplies.
  4757 | D:6      | Reached skill level 1 in Armour
  4794 | D:6      | Found a sacrificial altar of Ru.
  4798 | D:6      | Reached XP level 9. HP: 47/65 MP: 6/9
  4836 | D:6      | Found a shimmering altar of Xom.
  4859 | D:6      | Found Ybos's General Store.
  5010 | D:6      | Reached skill level 5 in Fighting
  5031 | D:6      | Noticed a two-headed ogre
  5037 | D:6      | Mangled by a two-headed ogre

Illustrated notes

Levels and vault maps discovered:
D:1:      dpeg_arrival_renting, layout_loops_ring,
          shapermc_ecumenical_altar_totnotflames
D:2:      layout_basic
D:3:      layout_basic, vehumet_crystals, grunt_ministairs_11,
          kennysheep_generic_room_14
D:4:      layout_cave_pods, kennysheep_little_box,
          mainiacjoe_overflow_cross_hatched, nzn_wu_jian_council_hall,
          cheibrodos_sewer_entry_bend, uniq_eustachio
D:5:      kb_forest_paths, layout_basic, jmf_multi_god_temple
D:6:      kennysheep_windowed_halls, layout_basic,
          nicolae_overflow_crystal_walls, lemuel_crystal_altar,
          lemuel_tele_altar, serial_shops, kennysheep_mini_moat, shop_statue,
          shop, nicolae_stop_n_shop_1, nicolae_shop_fire_sale
          [nicolae_sub_dead_trees], hangedman_decor_push
D:7:      layout_rooms, okawaru_metal_pillars_3, temple_fountains

Skill      XL: |  1  2  3  4  5  6  7  8  9 |
---------------+----------------------------+-----
Staves         | 4 5 7 8 10 | 10.0
Fighting       | 3 5 |  5.0
Armour         | 2 4 |  4.1
Throwing       | |  2.3
Dodging        | |  2.9

Action                   |  1- 3 |  4- 6 |  7- 9 || total
-------------------------+-------+-------+-------++-------
Melee: Quarterstaff      |    37 |       |       ||    37
       Lajatang          |    27 |    74 |   119 ||   220
       Punch             |       |     1 |     4 ||     5
Throw: Throwing net      |     1 |       |       ||     1
 Abil: Shaft Self        |       |     1 |       ||     1
  Use: Scroll            |     3 |       |    19 ||    22
 Stab: Sleeping          |       |       |     2 ||     2
Armor: Leather armour    |    15 |       |       ||    15
       Ring mail         |     1 |    14 |    22 ||    37
Dodge: Dodged            |    31 |    39 |    65 ||   135
